 Dungeon Crawl Stone Soup version 0.27.0-1-g7a089689b8 (webtiles) character file.

Game seed: 2533233927189221455

74 horus123 the Sneak (level 4, -2/29 HPs)
             Began as an Octopode Brigand on Aug 8, 2021.
             Slain by a gnoll (11 damage)
             ... on level 2 of the Dungeon.
             The game lasted 00:03:03 (1638 turns).

horus123 the Sneak (Octopode Brigand)               Turns: 1638, Time: 00:03:03

Health: -2/29      AC:  1    Str: 10    XL:     4   Next: 28%
Magic:  4/4        EV: 13    Int: 13    God:
Gold:   29         SH:  0    Dex: 14    Spells: 3/3 levels left

rFire    . . .     SeeInvis .   a - +2 dagger
rCold    . . .     Faith    .   (no shield)
rNeg     . . .     Spirit   .   (helmet restricted)
rPois    .         Reflect  .   (no amulet)
rElec    .         Harm     .   (no ring)
rCorr    .         Rampage  .   (no ring)
Will     .....                  (no ring)
Stlth    +++++.....             (no ring)
HPRegen  0.09/turn              (no ring)
MPRegen  0.09/turn              (no ring)
                                (no ring)
                                (no ring)

@: no status effects
A: almost no armour, amphibious, 8 rings, camouflage 1, gelatinous body 1,
(nimble swimmer 1), tentacles
a: no special abilities


You were on level 2 of the Dungeon.
You visited 1 branch of the dungeon, and saw 2 of its levels.

You collected 29 gold pieces.

Inventory:

Hand Weapons
 a - a +2 dagger (weapon)
Missiles
 b - 3 poisoned darts (quivered)
 c - 2 curare-tipped darts
Scrolls
 d - 2 scrolls of identify {unknown}
 e - a scroll of enchant armour {unknown}
 f - 2 scrolls of vulnerability {unknown}
 g - a scroll of fear {unknown}
 i - a scroll of magic mapping {unknown}
 j - a scroll of teleportation {unknown}
Potions
 h - a potion of might {unknown}


   Skills:
 + Level 2.0 Fighting
 + Level 2.3 Short Blades
 + Level 2.0 Throwing
 + Level 1.5 Dodging
 * Level 7.2 Stealth


You had 3 spell levels left.
You didn't know any spells.
Your spell library was empty.

Dungeon Overview and Level Annotations

Branches:
Dungeon (2/15)

Altars:


Innate Abilities, Weirdness & Mutations

You cannot wear most types of armour.
You are amphibious.
You can wear up to eight rings at the same time.
Your skin changes colour to match your surroundings (Stealth+).
Your rubbery body absorbs attacks. (AC +1, EV +1)
((You are camouflaged near water. (Stealth+)))
You have tentacles for arms and can constrict up to eight enemies at once.


Message History

Found 17 gold pieces. 2 gnolls come into view.
The gnoll shouts!
The gnoll shouts! x2
The gnoll closely misses you.
The gnoll hits you from afar with a +0 halberd!
Throw: 7 darts (poison)
Press: ? - help, Q - select action, (/) - cycle Shift-Dir - straight line, f - gnoll
Aim: a gnoll, wielding a +0 halberd (64% to hit)
You throw a poisoned dart.
The poisoned dart barely misses the gnoll.
The poisoned dart barely misses the gnoll.
Throw: 6 darts (poison)
Press: ? - help, Q - select action, (/) - cycle Shift-Dir - straight line, f/p - gnoll
Aim: a gnoll, wielding a +0 halberd (64% to hit)
You throw a poisoned dart.
The poisoned dart closely misses the gnoll.
The poisoned dart hits the gnoll.
The gnoll is poisoned.
The gnoll completely misses you.
Throw: 5 darts (poison)
Press: ? - help, Q - select action, (/) - cycle Shift-Dir - straight line, f/p - gnoll
Aim: a gnoll, wielding a +0 halberd (64% to hit)
You throw a poisoned dart.
The poisoned dart completely misses the gnoll.
The poisoned dart barely misses the gnoll.
The poisoned dart hits the gnoll.
The gnoll is poisoned.
Throw: 4 darts (poison)
Press: ? - help, Q - select action, (/) - cycle Shift-Dir - straight line, f/p - gnoll
Aim: a gnoll, wielding a +0 halberd (64% to hit)
You throw a poisoned dart.
The poisoned dart closely misses the gnoll.
The poisoned dart closely misses the gnoll.
The poisoned dart barely misses the gnoll.
The gnoll hits you from afar with a +0 halberd!
* * * LOW HITPOINT WARNING * * *
The gnoll looks more healthy.
The gnoll barely misses you. The gnoll hits you with a +0 halberd!
You die...

# # ####### ####
##.....## ...#######
##...@g..##
..g.g....###..#####..##
########..#..# ##..# ##
##g#..# #..# .## #....#
#..# ..# ##...# #..#
..#### ##..## ##..#
....(### ##..##+##..##
####...## ##.g.....##


You could see a gnoll.

Vanquished Creatures
  An iguana (D:2)
  An adder (D:2)
  A dart slug (D:1)
  3 endoplasms (D:2)
  2 giant cockroaches
  3 hobgoblins
  2 quokkas
  A ball python (D:1)
  6 bats (D:1)
  2 frilled lizards (D:1)
  5 goblins (D:1)
  3 kobolds (D:1)
  11 rats
41 creatures vanquished.

Notes
Turn   | Place    | Note
-------+----------+-------------------------------------------
     0 | D:1      | horus123 the Octopode Brigand began the quest for the Orb.
     0 | D:1      | Reached XP level 1. HP: 14/14 MP: 1/1
   301 | D:1      | Reached XP level 2. HP: 10/19 MP: 2/2
   575 | D:1      | Found a faded altar of an unknown god.
   666 | D:1      | Reached skill level 6 in Stealth
  1005 | D:1      | Reached XP level 3. HP: 22/24 MP: 3/3
  1508 | D:2      | Reached skill level 7 in Stealth
  1508 | D:2      | Reached XP level 4. HP: 29/29 MP: 4/4
  1638 | D:2      | Slain by a gnoll

Illustrated notes

Levels and vault maps discovered:
D:1:      dpeg_arrival_ratfight, layout_loops_ring,
          hellmonk_ecumenical_altar_crossroads
D:2:      layout_rooms, kennysheep_jessica_study

Skill      XL: |  1  2  3 |
---------------+----------+-----
Stealth        | 6 7 |  7.2
Fighting       | |  2.0
Short Blades   | |  2.3
Throwing       | |  2.0
Dodging        | |  1.5

Action                   |  1- 3 |  4- 6 || total
-------------------------+-------+-------++-------
Melee: Dagger            |    64 |     4 ||    68
       Constrict         |     8 |       ||     8
       Tentacles         |     6 |     1 ||     7
Throw: Dart              |     4 |     4 ||     8
 Stab: Sleeping          |    17 |       ||    17
Armor: Skin              |     3 |       ||     3
Dodge: Dodged            |    27 |     5 ||    32
